 Dungeon Crawl Stone Soup version 0.22-a0-21-g9421e3f (webtiles) character file.

3101 theanonym the Covert (level 9, 0/39 HPs)
             Began as a Spriggan Enchanter on Jan 2, 2018.
             Was an Initiate of Gozag.
             Killed from afar by Dowan (20 damage)
             ... with a shard of ice
             ... on level 7 of the Dungeon.
             The game lasted 00:17:38 (7760 turns).

theanonym the Covert (Spriggan Enchanter)           Turns: 7760, Time: 00:17:39

Health: 0/39       AC:  2    Str:  4    XL:     9   Next: 59%
Magic:  11/17      EV: 23    Int: 24    God:    Gozag
Gold:   1031       SH:  0    Dex: 17    Spells: 6/18 levels left

rFire    . . .     SeeInvis +   a - +1 dagger
rCold    . . .     Gourm    .   (shield restricted)
rNeg     . . .     Faith    .   b - +0 robe {0}
rPois    .         Spirit   .   (helmet restricted)
rElec    .         Reflect  .   (no cloak)
rCorr    .         Harm     .   (gloves unavailable)
MR       +....                  (boots unavailable)
Stlth    +++++.....             (no amulet)
HPRegen  0.13/turn              m - +5 ring of intelligence
MPRegen  0.15/turn              (no ring)

@: gold aura, very quick
A: very small, unfitting armour, see invisible, herbivore, speed 3, slow
metabolism 2
a: Potion Petition, Call Merchant, Bribe Branch, Renounce Religion


Innate Abilities, Weirdness & Mutations

You are very small and have problems with some larger weapons.
You are too small for most types of armour.
You have supernaturally acute eyesight. (SInv)
You are a herbivore.
You cover ground extremely quickly.
You need consume almost no food.


   Skills:
 * Level 9.4 Short Blades
 + Level 7.6 Dodging
 + Level 10.3 Stealth
 - Level 5.0 Spellcasting
 + Level 8.1 Hexes


You had 6 spell levels left.
You knew the following spells:

 Your Spells              Type           Power        Failure   Level  Hunger
a - Corona                Hex            #####..      1%          1    None
b - Ensorcelled Hibernat  Hex/Ice        ####..       2%          2    None
c - Confuse               Hex            #####...     1%          3    ##.....
d - Tukima's Dance        Hex            #####...     1%          3    ##.....
e - Dazzling Spray        Conj/Hex       ####..       4%          3    ##.....

Skill      XL: |  1  2  3  4  5  6  7  8  9 |
---------------+----------------------------+-----
Spellcasting   | 3 4 5 |  5.0
Short Blades   | 2 3 4 5 7 8 9 |  9.4
Hexes          | 4 5 6 7 8 |  8.1
Stealth        | 5 6 8 9 10 | 10.3
Dodging        | 4 6 7 |  7.6

Action                   |  1- 3 |  4- 6 |  7- 9 || total
-------------------------+-------+-------+-------++-------
Melee: Dagger            |    93 |   188 |   181 ||   462
 Cast: Corona            |    14 |     1 |       ||    15
       Ensorcelled Hiber |     3 |    24 |    55 ||    82
       Tukima's Dance    |       |     6 |     3 ||     9
       Confuse           |       |     3 |    14 ||    17
       Dazzling Spray    |       |       |     1 ||     1
  Use: Scroll            |       |     5 |       ||     5
 Stab: Sleeping          |     8 |    27 |    33 ||    68
       Confused          |       |     2 |    11 ||    13
  Eat: Ration            |       |     2 |     1 ||     3
Armor: Robe              |    11 |     7 |     8 ||    26
Dodge: Dodged            |    66 |    97 |   111 ||   274

Inventory:

Hand Weapons
 a - a +1 dagger (weapon)
 o - a cursed -1 fustibalus
   (You found it on level 2 of the Dungeon)
 y - a +0 short sword
   (You took it off a centaur on level 6 of the Dungeon)
Missiles
 f - 280 stones (quivered)
 w - 36 sling bullets
Armour
 b - a +0 robe (worn) {0}
Jewellery
 m - a +5 ring of intelligence (left hand)
   (You found it on level 2 of the Dungeon)
Wands
 c - a wand of flame (46)
   (You found it on level 5 of the Dungeon)
 d - a wand of digging (13)
   (You found it on level 5 of the Dungeon)
 v - a wand of acid (5)
   (You found it on level 3 of the Dungeon)
 z - a wand of enslavement (11)
   (You found it on level 7 of the Dungeon)
Scrolls
 g - 2 scrolls of teleportation {unknown}
 k - a scroll of fear {unknown}
 l - 2 scrolls of blinking {unknown}
 n - 2 scrolls of immolation {unknown}
 p - 4 scrolls of enchant armour {unknown}
 s - a scroll of remove curse {unknown}
 t - 2 scrolls of magic mapping {unknown}
Potions
 h - a potion of resistance {rF+ rC+}
 i - a potion of lignification
 j - 2 potions of curing {unknown}
 q - 2 potions of flight
 r - a potion of cancellation
 u - a potion of brilliance {unknown}
 x - a potion of berserk rage {unknown}
Comestibles
 e - 6 rations


You were on level 7 of the Dungeon.
You worshipped Gozag.
Gozag was most pleased with you.
You were hungry.

You visited 1 branch of the dungeon, and saw 7 of its levels.

You collected 1050 gold pieces.
You paid 19 gold pieces to Gozag.

Dungeon Overview and Level Annotations

Branches:
Dungeon (7/15)             Temple (0/1) D:4

Altars:
Cheibriados
Gozag
Kikubaaqudgha
Makhleb
Qazlal
Ru
Sif Muna
Trog

Annotations:
D:7 Dowan

#.........###...#....#
#..#.......####.#....#
#..#.PPP...####.....##
#. ##P$....##....####
#. #eP..#..#..#..# #
#.#####.......# #.#
#.........# #.#
#.#..._...# #@#
#.#.......# $ #.#
#.........# #.#
#e...........
#.###..##........
##.#....#..........
#...$#....>........
......#....##........
..........## .......
.... ....... ..


You could see Dowan.

Notes
Turn   | Place    | Note
-------+----------+-------------------------------------------
     0 | D:1      | theanonym the Spriggan Enchanter began the quest for the Orb.
     0 | D:1      | Reached XP level 1. HP: 9/9 MP: 5/5
   321 | D:1      | Reached XP level 2. HP: 8/13 MP: 3/6
   331 | D:1      | HP: 6/13 [rat (1)]
   460 | D:1      | Learned a level 2 spell: Ensorcelled Hibernation
   570 | D:1      | Reached skill level 3 in Spellcasting
   685 | D:1      | Reached skill level 2 in Short Blades
   954 | D:2      | Reached skill level 4 in Hexes
   954 | D:2      | Reached XP level 3. HP: 16/16 MP: 8/8
  1130 | D:2      | Reached skill level 5 in Stealth
  1201 | D:2      | Found an opulent altar of Gozag.
  1213 | D:2      | Became a worshipper of Gozag Ym Sagoz the Greedy
  1330 | D:2      | Noticed Natasha
  1334 | D:2      | Killed Natasha
  1334 | D:2      | Reached XP level 4. HP: 12/21 MP: 5/10
  1350 | D:2      | Learned a level 3 spell: Confuse
  1354 | D:2      | Learned a level 3 spell: Tukima's Dance
  1592 | D:2      | Noticed Natasha
  1755 | D:2      | Killed Natasha
  1755 | D:2      | Reached skill level 3 in Short Blades
  2200 | D:3      | Found a sacrificial altar of Ru.
  2509 | D:3      | Found a snail-covered altar of Cheibriados.
  2516 | D:3      | Reached XP level 5. HP: 24/24 MP: 11/11
  3369 | D:4      | Noticed an ogre
  3380 | D:4      | Killed an ogre
  3380 | D:4      | Reached skill level 4 in Short Blades
  3380 | D:4      | Reached skill level 6 in Stealth
  3380 | D:4      | Reached skill level 4 in Spellcasting
  3669 | D:4      | HP: 11/24 [howler monkey (6)]
  3673 | D:4      | Reached XP level 6. HP: 13/28 MP: 10/13
  3929 | D:4      | Reached skill level 5 in Hexes
  4296 | D:4      | Found a stormy altar of Qazlal.
  4298 | D:4      | Found an ancient bone altar of Kikubaaqudgha.
  4298 | D:4      | Found a bloodstained altar of Trog.
  4298 | D:4      | Found a burning altar of Makhleb.
  4536 | D:4      | Found a staircase to the Ecumenical Temple.
  4579 | D:5      | Entered Level 5 of the Dungeon
  4584 | D:5      | Reached skill level 5 in Short Blades
  4651 | D:5      | Learned a level 3 spell: Dazzling Spray
  4667 | D:5      | Reached XP level 7. HP: 28/32 MP: 11/15
  4861 | D:5      | Reached skill level 7 in Stealth
  4902 | D:5      | Noticed Blork the orc
  4911 | D:5      | Killed Blork the orc
  4911 | D:5      | Reached skill level 5 in Spellcasting
  5101 | D:5      | Reached skill level 6 in Short Blades
  5168 | D:5      | Noticed Pikel
  5203 | D:5      | Killed Pikel
  5203 | D:5      | Reached skill level 7 in Short Blades
  5203 | D:5      | Reached skill level 4 in Dodging
  5203 | D:5      | Reached skill level 8 in Stealth
  5203 | D:5      | Reached skill level 6 in Hexes
  5203 | D:5      | Reached XP level 8. HP: 36/36 MP: 6/16
  5303 | D:5      | Reached skill level 5 in Dodging
  5679 | D:6      | Noticed Eustachio
  5691 | D:6      | Killed Eustachio
  6281 | D:6      | Reached skill level 9 in Stealth
  6281 | D:6      | Reached skill level 7 in Hexes
  6428 | D:6      | Reached skill level 8 in Short Blades
  6428 | D:6      | Reached skill level 6 in Dodging
  6476 | D:6      | HP: 17/36 [orc wizard/magic dart (8)]
  6734 | D:6      | Reached XP level 9. HP: 39/39 MP: 13/17
  7136 | D:6      | HP: 17/39 [centaur/uncursed short sword (8)]
  7566 | D:7      | Reached skill level 7 in Dodging
  7635 | D:7      | Found a deep blue altar of Sif Muna.
  7643 | D:7      | Reached skill level 9 in Short Blades
  7643 | D:7      | Reached skill level 10 in Stealth
  7707 | D:7      | Noticed Duvessa
  7711 | D:7      | Reached skill level 8 in Hexes
  7716 | D:7      | Noticed Dowan
  7745 | D:7      | HP: 19/39 [Duvessa/rapier (9)]
  7756 | D:7      | Killed Duvessa
  7760 | D:7      | Killed from afar by Dowan

Vanquished Creatures
  Pikel (D:5)
  Eustachio (D:6)
  3 yaks (D:6)
  A hungry ghost (D:7)
  Duvessa (D:7)
  A black bear (D:6)
  A necrophage (D:7)
  4 ogres
  A centaur (D:6)
  Blork the orc (D:5)
  5 howler monkeys
  A jelly (D:6)
  An orc priest (D:6)
  2 orc wizards
  A hound (D:6)
  2 centaur skeletons
  2 bullfrog skeletons
  Natasha (twice) (D:2)
  5 worker ants
  2 hound skeletons
  A mummy (D:7)
  A howler monkey zombie (D:6)
  5 gnolls (D:4)
  7 adders
  2 shadow imps
  An ooze (D:2)
  An adder zombie (D:7)
  2 adder skeletons (D:4)
  4 worms
  A dart slug (D:3)
  2 leopard geckos
  12 orcs
  A ball python (D:4)
  8 bats
  7 giant cockroaches
  8 goblins
  5 hobgoblins
  4 jackals (D:5)
  2 quokkas (D:5)
  A ball python skeleton (D:6)
  5 frilled lizards
  4 kobolds
  2 leopard gecko zombies (D:6)
  A quokka skeleton (D:5)
  11 rats
136 creatures vanquished.

Vanquished Creatures (collateral kills)
  A gnoll (D:4)
1 creature vanquished.

Vanquished Creatures (others)
  A dancing weapon (D:4)
1 creature vanquished.

Grand Total: 138 creatures vanquished

Table legend:
 A = Turns spent in this place as a percentage of turns spent in the entire game.
 B = Non-inter-level travel turns spent in this place as a percentage of non-inter-level travel turns spent in the entire game.
 C = Inter-level travel turns spent in this place as a percentage of turns spent in this place.
 D = Turns resting spent in this place as a percentage of non-inter-level travel turns spent in this place.
 E = Turns spent auto-exploring this place as a percentage of non-inter-level travel turns spent in this place.
 F = Non-inter-level travel turns spent in this place divided by the number of levels of this place that you've seen.
                   A       B       C       D       E      F
               +-------+-------+-------+-------+-------+----------------------
         Total | 100.0 | 100.0 |   2.7 |  34.8 |  46.3 | 1079.0
       Dungeon | 100.0 | 100.0 |   2.7 |  34.8 |  46.3 | 1079.0
               +-------+-------+-------+-------+-------+----------------------
